AoeStats
← Comend x comend

African Clearing

506934566Analyzed
4v4 RM · 16d ago on Sep 15, 2026· 54m 21s· 8 players
Game mode
Random Map
Map size
Large (8 player)
Population
200
Speed
Normal
Resources
Standard
Victory
Conquest
Starting age
Dark Age
Ending age
Imperial Age
RankedLock teamsTeams togetherTeam positionsShared explorationLock speedFull tech treeHidden civsTurbo modeCheats
Victory
Defeat
🇧🇷 Mongols · Brazil
1588
+10
🇧🇷 Turks · Brazil
1388
+18
🇵🇪 Dravidians · Peru
1365
+19
🇷🇺 Magyars · Russia
1348
+20
🇧🇷 Hindustanis · Brazil
1492
-19
🇺🇸 Japanese · United States
1445
-17
🇩🇪 Mongols · Germany
1422
-16
🇧🇷 Huns · Brazil
1399
-15
cmd 2.0
12:22 Loom
14:07 Feudal Age
15:25 Double-Bit Axe
18:12 Castle Age
18:17 Scale Barding Armor
19:48 Wheelbarrow
19:51 Bow Saw
20:28 Wheelbarrow
22:17 Bloodlines
22:07 Husbandry
25:45 Husbandry
28:45 Stone Mining
28:45 Gold Mining
33:38 Imperial Age
33:17 Stone Shaft Mining
33:17 Gold Shaft Mining
32:37 Fletching
32:54 Padded Archer Armor
33:45 Bodkin Arrow
34:13 Hand Cart
33:43 Town Watch
34:36 Leather Archer Armor
35:25 Chemistry
34:59 Conscription
34:57 Elite Mangudai
36:07 Ballistics
36:17 Bracer
37:11 Parthian Tactics
36:54 Thumb Ring
38:47 Hoardings
39:42 Town Patrol
44:03 Horse Collar
46:43 Capped Ram
47:47 Drill
48:19 Masonry
48:31 Chain Barding Armor
47:48 Siege Ram
Hakka1_90
p1c0
4:29 Loom
15:03 Feudal Age
18:38 Castle Age
16:24 Double-Bit Axe
17:07 Fletching
18:10 Padded Archer Armor
19:29 Bodkin Arrow
20:43 Leather Archer Armor
27:05 Ballistics
31:31 Wheelbarrow
33:17 Husbandry
33:54 Thumb Ring
35:05 Hand Cart
35:32 Bloodlines
36:13 Town Watch
36:41 Bow Saw
36:12 Horse Collar
42:26 Imperial Age
39:57 Light Cavalry
41:54 Scale Barding Armor
42:00 Forging
43:37 Parthian Tactics
42:33 Heavy Cavalry Archer
43:18 Bracer
44:34 Chemistry
44:44 Conscription
49:36 Two-Man Saw
[TSU] IAmTheWalrus
7:44 Loom
11:09 Loom
14:18 Feudal Age
15:01 Double-Bit Axe
17:43 Fishing Lines
20:51 Castle Age
24:44 Guard Tower
25:16 Ballistics
26:29 Bow Saw
26:00 Horse Collar
32:12 Heavy Plow
32:58 Forging
32:35 Arson
33:06 Gillnets
36:51 Wheelbarrow
37:01 Squires
39:59 Imperial Age
37:40 Fletching
38:23 Scale Barding Armor
38:53 Iron Casting
38:49 Scale Mail Armor
39:12 Hand Cart
39:11 Thumb Ring
39:46 Bodkin Arrow
39:26 Elite Skirmisher
40:29 Stone Mining
40:29 Gold Mining
40:44 Padded Archer Armor
42:22 Blast Furnace
41:45 Bracer
42:21 Leather Archer Armor
42:28 Chain Mail Armor
41:46 Man-at-Arms
42:11 Gambesons
42:37 Yasama
42:28 Pikeman
44:13 Plate Mail Armor
44:27 Keep
47:45 Ring Archer Armor
Floripa
3:13 Loom
12:11 Feudal Age
16:01 Castle Age
14:37 Double-Bit Axe
16:56 Bow Saw
23:45 Horse Collar
26:42 Fletching
30:07 Wheelbarrow
30:09 Bodkin Arrow
33:48 Imperial Age
32:07 Bloodlines
31:57 Husbandry
32:26 Ballistics
32:35 Scale Barding Armor
33:02 Masonry
33:27 Murder Holes
35:11 Chain Barding Armor
36:04 Elite Steppe Lancer
37:41 Forging
38:28 Hand Cart
40:07 Iron Casting
39:47 Town Watch
43:28 Bracer
44:28 Blast Furnace
46:39 Chemistry
48:16 Padded Archer Armor
49:14 Conscription
51:16 Spies/Treason
laughing_parrot
11:02 Loom
13:44 Feudal Age
15:16 Double-Bit Axe
17:43 Castle Age
16:28 Gold Mining
18:52 Bow Saw
18:30 Horse Collar
24:43 Bloodlines
24:40 Scale Barding Armor
25:04 Husbandry
29:05 Chain Barding Armor
31:59 Fletching
43:02 Imperial Age
40:52 Padded Archer Armor
41:07 Bodkin Arrow
41:46 Thumb Ring
42:15 Leather Archer Armor
42:46 Ballistics
43:45 Gold Shaft Mining
43:03 Heavy Cavalry Archer
43:50 Bracer
44:48 Parthian Tactics
45:03 Ring Archer Armor
44:42 Heavy Plow
45:17 Recurve Bow
46:36 Plate Barding Armor
46:25 Conscription
46:27 Corvinian Army
48:22 Two-Man Saw
48:55 Chemistry
48:44 Crop Rotation
50:31 Wheelbarrow
49:41 Town Watch
51:37 Hand Cart
51:56 Spies/Treason
52:31 Elite Magyar Huszar
Comend x comend
5:09 Loom
14:21 Feudal Age
18:09 Castle Age
18:27 Man-at-Arms
18:53 Gambesons
18:53 Arson
19:09 Squires
19:56 Long Swordsman
24:03 Double-Bit Axe
27:03 Bow Saw
29:28 Horse Collar
31:13 Wheelbarrow
32:43 Heavy Plow
33:41 Gold Mining
35:01 Hand Cart
34:33 Town Watch
35:00 Stone Mining
39:04 Imperial Age
37:36 Thumb Ring
38:39 Ballistics
38:50 Fletching
39:01 Padded Archer Armor
39:55 Elite Elephant Archer
42:13 Medical Corps
42:30 Conscription
42:17 Bodkin Arrow
42:29 Scale Barding Armor
45:12 Chemistry
46:45 Chain Barding Armor
49:51 Two-Man Saw
49:11 Leather Archer Armor
48:56 Bracer
51:23 Spies/Treason
twitch.tv/markola86
3:27 Loom
13:17 Feudal Age
14:07 Double-Bit Axe
15:31 Wheelbarrow
17:37 Horse Collar
24:02 Castle Age
22:35 Scale Barding Armor
22:41 Forging
22:47 Gold Mining
22:58 Town Watch
24:14 Bloodlines
25:05 Chain Barding Armor
25:53 Husbandry
27:53 Iron Casting
28:53 Fervor
29:03 Sanctity
29:20 Fletching
30:13 Bodkin Arrow
30:43 Bow Saw
30:39 Heavy Plow
33:06 Padded Archer Armor
34:19 Hand Cart
35:16 Ballistics
35:02 Thumb Ring
35:23 Leather Archer Armor
38:09 Gold Shaft Mining
37:24 Stone Mining
40:53 Imperial Age
41:19 Treadmill Crane
41:35 Murder Holes
42:08 Parthian Tactics
41:10 Heavy Cavalry Archer
42:43 Plate Barding Armor
44:02 Two-Man Saw
44:13 Bracer
46:24 Conscription
48:32 Sipahi
49:28 Ring Archer Armor
49:58 Blast Furnace
50:35 Bombard Tower
50:26 Masonry
50:42 Town Patrol
51:39 Spies/Treason
Connection lost

Rejoining the realm…

Still unreachable

The connection could not be restored.

Session expired

The server has moved on; the page needs a fresh start.